 Dungeon Crawl Stone Soup version 0.30-a0-439-g9e77e4d916 (webtiles) character file.

Game seed: 2782956938524982435

66 porpoise the Chopper (level 4, -3/41 HPs)
             Began as a Hill Orc Monk on Dec 11, 2022.
             Slain by a worm (10 damage)
             ... on level 1 of the Dungeon.
             The game lasted 00:04:26 (1205 turns).

porpoise the Chopper (Hill Orc Monk)                Turns: 1205, Time: 00:04:26

Health: -3/41      AC:  3    Str: 15    XL:     4   Next: 15%
Magic:  4/4        EV: 12    Int: 10    God:
Gold:   63         SH:  0    Dex: 13    Spells: 3/3 levels left

rFire   . . .      SeeInvis .    a - +0 hand axe
rCold   . . .      Faith    .    (no shield)
rNeg    . . .      Spirit   .    h - +0 leather armour
rPois   .          Reflect  .    (no helmet)
rElec   .          Harm     .    (no cloak)
rCorr   .          Rampage  .    (no gloves)
Will    .....                    (no boots)
Stlth   ++........               (no amulet)
HPRegen 0.26/turn                (no ring)
MPRegen 0.09/turn                (no ring)

@: no status effects
A: no striking features
a: no special abilities


You were on level 1 of the Dungeon.
You visited 1 branch of the dungeon, and saw 2 of its levels.

You collected 63 gold pieces.

Inventory:

Hand Weapons
 a - a +0 hand axe (weapon)
Armour
 h - a +0 leather armour (worn)
Wands
 k - a wand of digging (5)
Scrolls
 d - 2 scrolls of enchant armour {unknown}
 e - a scroll of vulnerability {unknown}
 f - a scroll of fog {unknown}
 i - a scroll of identify {unknown}
 j - a scroll of magic mapping {unknown}
 l - a scroll of teleportation {unknown}
Potions
 b - a potion of brilliance {unknown}
 c - a potion of ambrosia
 g - a potion of mutation {unknown}


   Skills:
 + Level 4.4 Fighting
 * Level 5.8 Axes
 - Level 2.4 Dodging
 - Level 1.5 Stealth


You had 3 spell levels left.
You didn't know any spells.
Your spell library contained the following spells:

 Spells                   Type           Power      Damage    Failure   Level
 Sting                    Tmut/Pois      0%         1d3       43%         1
 Blink                    Tloc           0%         N/A       56%         2
 Ensorcelled Hibernation  Hex/Ice        0%         N/A       56%         2
 Momentum Strike          Conj/Tloc      0%         3d8       56%         2
 Passwall                 Tmut/Erth      0%         N/A       56%         2
 Poisonous Vapours        Pois/Air       0%         N/A       56%         2
 Lesser Beckoning         Tloc           0%         N/A       80%         3
 Swiftness                Air            0%         N/A       80%         3
 Olgreb's Toxic Radiance  Pois           0%         N/A       99%         4


Dungeon Overview and Level Annotations

Branches:
Dungeon (2/15)

Altars:


Message History

The worm is lightly wounded.
You hit the worm but do no damage.
The worm is lightly wounded.
The worm bites you!
You hit the worm.
The worm is moderately wounded.
The worm barely misses you.
You hit the worm.
The worm is severely wounded.
You barely miss the worm. You punch the worm.
The worm is severely wounded.
The worm bites you.
You hit the worm but do no damage.
The worm is severely wounded.
You hit the worm.
The worm is severely wounded.
The worm bites you.
You hit the worm.
The worm is almost dead.
The worm bites you.
* * * LOW HITPOINT WARNING * * *
You hit the worm.
The worm is almost dead.
You barely miss the worm.
The worm is almost dead.
The worm bites you.
* * * LOW HITPOINT WARNING * * *
You barely miss the worm.
The worm is almost dead.
The worm bites you.
* * * LOW HITPOINT WARNING * * *
You hit the worm.
The worm is almost dead.
You hit the worm but do no damage.
The worm is almost dead.
The worm closely misses you.
You hit the worm but do no damage.
The worm is severely wounded.
The worm bites you!
You die...

#.#...# ##.# #.....#
#..# ##....# #####†#####
#....###..)......#
#####....##...†.†....#
#........##..........#
#....................###
#....)#.####............
#.....#@# ########.....
#.....#w# #.....
##.....#.# #.....
#......#.# ######
#......#.# #........#
#......### #.###### #.#


You could see a worm.

Vanquished Creatures
  A gnoll (D:2)
  2 adders (D:2)
  2 worms
  3 dart slugs
  3 ball pythons (D:1)
  3 bats (D:1)
  An endoplasm (D:2)
  2 giant cockroaches (D:1)
  A goblin (D:1)
  2 hobgoblins
  A frilled lizard (D:2)
  4 kobolds
  3 rats
28 creatures vanquished.

Notes
Turn   | Place    | Note
-------+----------+-------------------------------------------
     0 | D:1      | porpoise the Hill Orc Monk began the quest for the Orb.
     0 | D:1      | Reached XP level 1. HP: 19/19 MP: 1/1
   190 | D:1      | Reached XP level 2. HP: 23/27 MP: 2/2
   680 | D:2      | Reached skill level 5 in Axes
   696 | D:2      | Reached XP level 3. HP: 32/33 MP: 3/3
  1103 | D:2      | Reached XP level 4. HP: 32/41 MP: 4/4
  1205 | D:1      | Slain by a worm

Illustrated notes

Levels and vault maps discovered:
D:1:      saegor_arrival_under_anarchy, layout_basic
D:2:      layout_loops_cross

Skill      XL: |  1  2 |
---------------+-------+-----
Fighting       | 4 |  4.4
Axes           | 5 |  5.8
Dodging        | |  2.4
Stealth        | |  1.5

Action                   |  1- 3 |  4- 6 || total
-------------------------+-------+-------++-------
Melee: Hand axe          |   113 |    25 ||   138
       Punch             |     1 |     1 ||     2
 Stab: Sleeping          |     2 |       ||     2
       Distracted        |     1 |       ||     1
Armor: Robe              |    12 |       ||    12
       Leather armour    |    13 |     2 ||    15
Dodge: Dodged            |    64 |    10 ||    74

Table legend: (Time is in decaauts)
 A = Elapsed time spent in this place.
 B = Non-inter-level travel time spent in this place.
 C = Inter-level travel time spent in this place.
 D = Time resting spent in this place.
 E = Time spent auto-exploring this place.
 F = Levels seen in this place.
 G = Mean time per level.
                   A        B        C        D        E       F      G
               +--------+--------+--------+--------+--------+-----+--------+
         Total |   1215 |   1193 |     22 |    322 |    502 |   2 |  607.5 |
       Dungeon |   1215 |   1193 |     22 |    322 |    502 |   2 |  607.5 |
               +--------+--------+--------+--------+--------+-----+--------+

Top non-repeatable levels by time:
     D:1: 804 daAuts
     D:2: 410 daAuts
